 Dungeon Crawl Stone Soup version 0.29.0-7-g18a832c13a (webtiles) character file.

Game seed: 17695946481358656041

221586 magipi the Unforgettable (level 18, -11/135 (142) HPs)
             Began as a Hill Orc Gladiator on Aug 30, 2022.
             Was the Champion of Hepliaklqana.
             Shot with an arrow by a deep elf archer (18 damage)
             ... on level 1 of the Elven Halls.
             The game lasted 02:08:18 (48977 turns).

magipi the Unforgettable (Hill Orc Gladiator)      Turns: 48977, Time: 02:08:18

HP:   -11/135 (142) AC: 20    Str: 23    XL:     18   Next: 72%
MP:   31/31         EV: 15    Int: 11    God:    Hepliaklqana [******]
Gold: 2880          SH: 14    Dex: 17    Spells: 17/17 levels left

rFire   + + .      SeeInvis .   a - +0 broad axe
rCold   + + .      Faith    .   W - +2 kite shield {rC+ rF+}
rNeg    . . .      Spirit   .   H - +0 chain mail {rPois}
rPois   +          Reflect  +   q - +1 helmet {Int+3}
rElec   .          Harm     .   S - scarf {rC+ rF+}
rCorr   +          Rampage  .   w - +3 pair of gauntlets of War {Slay+5}
Will    +++..                   J - +0 pair of boots
Stlth   ..........              r - amulet of reflection
HPRegen 0.32/turn               A - ring of resist corrosion
MPRegen 0.22/turn               m - ring of Elyvilon's Vengeance {Will++ EV+4 Dex+3 Slay+6}

@: lightly drained
A: reduced essence
}: 2/15 runes: decaying, serpentine
a: Renounce Religion, Recall Ancestor, Ancestor Identity, Transference, Idealise


You were on level 1 of the Elven Halls.
You worshipped Hepliaklqana.
Hepliaklqana was exalted by your worship.
You visited 7 branches of the dungeon, and saw 32 of its levels.
You visited 1 bazaar.
You also visited: Bailey.

You collected 4815 gold pieces.
You spent 1935 gold pieces at shops.

Inventory:

Hand Weapons
 a - a +0 broad axe (weapon)
 b - a +3 whip of electrocution
Missiles
 e - 13 javelins
 k - 23 boomerangs (quivered)
 N - 2 throwing nets
 O - 2 silver boomerangs
Armour
 q - a +1 helmet of intelligence (worn)
 w - the +3 pair of gauntlets of War (worn) {Slay+5}
   (You acquired it on level 13 of the Dungeon)

   Slay:      It affects your accuracy & damage with ranged weapons and melee
   (+5).
 H - a +0 chain mail of poison resistance (worn)
 J - a +0 pair of boots (worn)
 S - a scarf of resistance (worn)
 W - a +2 kite shield of resistance (worn)
 X - a +1 chain mail of willpower
Jewellery
 i - a ring of see invisible
 m - the ring of Elyvilon's Vengeance (right hand) {Will++ EV+4 Dex+3 Slay+6}
   (You bought it in a shop on level 3 of the Snake Pit)

   [ring of evasion]

   EV:        It affects your evasion (+4).
   Dex:       It affects your dexterity (+3).
   Slay:      It affects your accuracy & damage with ranged weapons and melee
   (+6).
   Will:      It greatly increases your willpower.
 n - a ring of positive energy
 r - an amulet of reflection (around neck)
 A - a ring of resist corrosion (left hand)
 I - a ring of flight
Wands
 d - a wand of digging (22)
 f - a wand of mindburst (28)
 o - a wand of iceblast (28)
 p - a wand of polymorph (10)
 u - a wand of paralysis (25)
 T - a wand of flame (90)
Scrolls
 h - 5 scrolls of magic mapping
 j - 8 scrolls of fear
 t - 3 scrolls of poison
 v - a scroll of enchant armour
 y - 2 scrolls of blinking
 D - 5 scrolls of butterflies
 F - 3 scrolls of silence
 Z - 17 scrolls of teleportation
Potions
 g - 9 potions of lignification
 s - 4 potions of heal wounds
 x - 19 potions of curing
 z - 3 potions of ambrosia
 B - 6 potions of mutation
 C - a potion of berserk rage
 E - 4 potions of resistance
 G - 2 potions of haste
 K - 5 potions of magic
 Q - 2 potions of cancellation
 U - 3 potions of might
 V - 2 potions of invisibility
 Y - 2 potions of flight
Miscellaneous
 l - a phantom mirror
 L - a phial of floods
 P - a condenser vane
 R - a box of beasts


   Skills:
 + Level 13.4 Fighting
 - Level 18.0 Axes
 - Level 12.0 Throwing
 - Level 11.0 Armour
 - Level 10.0 Dodging
 - Level 19.0 Invocations
 + Level 15.7 Evocations


You had 17 spell levels left.
You didn't know any spells.
Your spell library contained the following spells:

 Spells                   Type           Power      Damage    Failure   Level
 Apportation              Tloc           0%         N/A       100%        1
 Magic Dart               Conj           0%         1d3       100%        1
 Necrotise                Necr           0%         1d4       100%        1
 Summon Small Mammal      Summ           0%         N/A       100%        1
 Blink                    Tloc           0%         N/A       100%        2
 Call Imp                 Summ           0%         N/A       100%        2
 Searing Ray              Conj           0%         2d4       100%        2
 Sublimation of Blood     Necr           0%         N/A       100%        2
 Wereblood                Tmut           0%         N/A       100%        2
 Call Canine Familiar     Summ           0%         N/A       100%        3
 Dazzling Flash           Conj/Hex       0%         N/A       100%        3
 Ignite Poison            Fire/Tmut/Pois 0%         N/A       100%        3
 Inner Flame              Hex/Fire       0%         N/A       100%        3
 Lesser Beckoning         Tloc           0%         N/A       100%        3
 Mephitic Cloud           Conj/Pois/Air  0%         N/A       100%        3
 Portal Projectile        Hex/Tloc       0%         N/A       100%        3
 Stone Arrow              Conj/Erth      0%         3d7       100%        3
 Summon Guardian Golem    Hex/Summ       0%         N/A       100%        3
 Tukima's Dance           Hex            0%         N/A       100%        3
 Vampiric Draining        Necr           0%         2d6       100%        3
 Animate Armour           Summ/Erth      0%         N/A       100%        4
 Cause Fear               Hex            0%         N/A       100%        4
 Corpse Rot               Necr/Pois/Air  0%         N/A       100%        4
 Fulminant Prism          Conj/Hex       0%         3d6       100%        4
 Hailstorm                Conj/Ice       0%         3d3       100%        4
 Ice Form                 Ice/Tmut       0%         N/A       100%        4
 Iskenderun's Mystic Bla  Conj/Tloc      0%         2d3       100%        4
 Passage of Golubria      Tloc           0%         N/A       100%        4
 Agony                    Necr           0%         N/A       100%        5
 Blade Hands              Tmut           0%         N/A       100%        5
 Fireball                 Conj/Fire      0%         3d3       100%        5
 Iskenderun's Battlesphe  Conj           0%         2d6       100%        5
 Manifold Assault         Tloc           0%         N/A       100%        5
 Metabolic Englaciation   Hex/Ice        0%         N/A       100%        5
 Summon Forest            Summ/Tloc      0%         N/A       100%        5
 Yara's Violent Unravell  Hex/Tmut       0%         3d3       100%        5
 Conjure Ball Lightning   Conj/Air       0%         3x3d6     100%        6
 Eringya's Noxious Bog    Tmut/Pois      0%         N/A       100%        6
 Iron Shot                Conj/Erth      0%         9d1       100%        6
 Simulacrum               Ice/Necr       0%         N/A       100%        6
 Starburst                Conj/Fire      0%         6d3       100%        6
 Orb of Destruction       Conj           0%         9d5       100%        7
 Summon Hydra             Summ           0%         N/A       100%        7
 Discord                  Hex            0%         N/A       100%        8
 Lehudib's Crystal Spear  Conj/Erth      0%         10d2      100%        8
 Necromutation            Tmut/Necr      0%         N/A       100%        8


Dungeon Overview and Level Annotations

Branches:
Dungeon (15/15) Temple (1/1) D:6 Lair (5/5) D:9 Swamp (4/4) Lair:2 Snake (4/4) Lair:3 Slime (0/5) Lair:4 Orc (2/2) D:11 Elf (1/3) Orc:2 Vaults (0/5) D:13 D:14 Depths (0/4) D:15 Bailey (visited)

Altars:
Ashenzari
Cheibriados
Dithmenos
Elyvilon
Fedhas
Gozag
Hepliaklqana
Kikubaaqudgha
Makhleb
Nemelex Xobeh
Okawaru
Qazlal
Ru
Sif Muna
Trog
Uskayaw
Vehumet
Wu Jian
Xom
Yredelemnul
Zin
The Shining One
Beogh

Shops:
D:10 *   D:13 (!   Orc:2 [((=   Snake:2 :   Snake:3 ===:

Annotations:
D:15 3 runed translucent doors, Yakesh's ghost, journeyman MiFi


Message History

The deep elf zephyrmancer shouts!
Something unseen opens the door.
You hit the deep elf zephyrmancer.
The deep elf zephyrmancer is lightly wounded.
The deep elf zephyrmancer hits you but does no damage.
You barely miss the deep elf zephyrmancer.
The deep elf zephyrmancer is lightly wounded.
The deep elf zephyrmancer mumbles some strange words.
The deep elf zephyrmancer blinks!
The deep elf archer shoots an arrow.
The arrow hits you!!
The deep elf archer shoots an arrow.
You reflect the arrow off an invisible shield around you!
The arrow misses the deep elf archer.
The deep elf archer shoots an arrow.
You reflect the arrow off an invisible shield around you!
The arrow is repelled.
Bohike gestures at the deep elf zephyrmancer while chanting.
The deep elf zephyrmancer resists with some effort.
The deep elf zephyrmancer casts a spell at you.
The bolt of lightning hits you!!
* * * LOW HITPOINT WARNING * * *
The deep elf archer gestures at you while chanting.
You resist with almost no effort.
Bohike points at the deep elf zephyrmancer and mumbles some strange words.
The deep elf zephyrmancer resists with some effort.
The deep elf zephyrmancer barely misses you.
There is a staircase back to the Mines here.
Unknown command.
Unknown command.
You feel much better.
Bohike gestures at the deep elf zephyrmancer while chanting.
The deep elf zephyrmancer resists with some effort.
The deep elf zephyrmancer gestures at you while chanting.
The bolt of lightning hits you!!!
* * * LOW HITPOINT WARNING * * *
The bolt of lightning hits you!
* * * LOW HITPOINT WARNING * * *
The bolt of lightning misses the deep elf zephyrmancer.
The deep elf archer shoots an arrow.
The arrow hits you!!
You die...

....... ...... ##
..... #.. #...# ..
#... #...# ...
#...###...###...
.................#
+........@........+
#.......e.........#
#...###...###...#
#... #.).# ...#
#...###...###...#
#..[..........# +#
##...........## #.#
##...eR....## #e#
####)?[####


You could see the friendly Bohike the hexer, a deep elf archer (repels missiles)
and a deep elf zephyrmancer (ally target).

Vanquished Creatures
  the Lernaean hydra (Swamp:4)
  Nikola (Swamp:3)
  Frances (D:13)
  Kirke (Swamp:3)
  Donald (Swamp:3)
  A nagaraja (Snake:4)
  A fenstrider witch (Swamp:3)
  An orc warlord (Orc:2)
  5 eleionomae
  A deep elf annihilator (Orc:2)
  2 bunyips (Swamp:3)
  A dire elephant (Snake:1)
  Azrael (Elf:1)
  A shambling mangrove (Swamp:2)
  A deep elf death mage (Elf:1)
  Snorg (D:14)
  A fire dragon (Lair:5)
  A rakshasa (D:15)
  Josephine (Orc:1)
  3 boulder beetles
  8 hydras
  A great orb of eyes (D:15)
  3 salamander tyrants (Snake:4)
  A catoblepas (D:14)
  2 centaur warriors
  2 anacondas
  5 naga warriors
  A ghost crab (Swamp:1)
  A dancing weapon (Elf:1)
  2 two-headed ogres (Orc:2)
  11 alligators
  4 orc high priests (Orc:2)
  5 death yaks (Lair:5)
  11 naga sharpshooters
  Urug (D:14)
  A deep elf knight (Elf:1)
  5 shock serpents
  6 skeletal warriors
  5 goliath frogs
  3 spriggan druids
  A salamander mystic (Snake:4)
  10 swamp dragons
  2 bog bodies
  Pikel (D:5)
  3 orc knights (Orc:2)
  2 deep elf archers
  4 naga ritualists
  A necromancer (Swamp:3)
  3 orc sorcerers (Orc:2)
  A will-o-the-wisp (Swamp:3)
  14 mana vipers
  14 ugly things
  5 deep elf pyromancers
  7 deep elf zephyrmancers
  9 slime creatures
  6 cyclopes
  6 salamanders
  6 elephants
  4 guardian serpents
  A water nymph (Swamp:1)
  21 black mambas
  7 naga magi
  13 cane toads
  A gargoyle (D:14)
  3 rime drakes
  A freezing wraith (D:14)
  An unseen horror (D:8)
  5 yaktaurs (D:15)
  4 komodo dragons
  5 trolls
  9 tyrant leeches
  4 hornets
  A bloated husk (Swamp:3)
  A raiju (Snake:2)
  8 blink frogs
  Grinder (D:5)
  A centaur simulacrum (D:14)
  Sigmund (D:3)
  9 wyverns
  4 wraiths
  12 humans (D:14)
  25 yaks
  2 fire elementals (Elf:1)
  A vampire (D:11)
  5 basilisks
  2 redbacks (Lair:5)
  6 vampire mosquitoes
  5 steam dragons
  3 hogs (Swamp:3)
  Menkaure (D:4)
  9 swamp worms
  6 wargs
  28 nagas
  2 acid dragons
  A hell hound (Elf:1)
  20 water moccasins
  A hexer (Swamp:1)
  3 black bears
  5 swamp drakes
  33 orc warriors
  An ice beast (D:6)
  11 ogres
  2 wolves (Lair:3)
  5 centaurs
  A lemure (D:5)
  A phantom (D:4)
  2 kobold brigands
  Blork the orc (D:4)
  10 bullfrogs
  3 scorpions
  10 wights
  The ghost of DKP the Trooper, a weakling PaFi (D:4)
  6 killer bees
  3 howler monkeys
  2 electric eels (Snake:2)
  2 jellies
  2 hounds
  Crazy Yiuf (D:4)
  27 orc priests
  Ijyb (D:5)
  Terence (D:2)
  6 iguanas
  Natasha (thrice) (D:4)
  17 orc wizards
  6 gnolls
  7 adders
  2 shadow imps (D:6)
  A white imp (D:7)
  2 ufetubi
  A worm (shapeshifter) (D:12)
  3 worms
  4 dart slugs
  95 orcs
  2 ball pythons
  4 bats
  3 bat skeletons (D:5)
  3 bat zombies (D:5)
  4 endoplasms (D:2)
  3 giant cockroaches
  5 goblins
  10 hobgoblins
  3 jackals
  19 kobolds
  4 quokkas
  3 frilled lizards
  6 rats
784 creatures vanquished.

Vanquished Creatures (collateral kills)
  A fenstrider witch (Swamp:4)
  Louise (Swamp:4)
  4 eleionomae
  A dire elephant (Snake:2)
  Harold (Orc:1)
  A salamander tyrant (Snake:4)
  7 hydras
  A centaur warrior (D:14)
  A boulder beetle (D:13)
  2 anacondas
  A dancing weapon (Orc:2)
  An alligator (Swamp:4)
  A two-headed ogre (D:11)
  6 naga warriors
  A death yak (Lair:5)
  7 naga sharpshooters
  A deep elf knight (Snake:2)
  A goliath frog (Swamp:1)
  2 bog bodies
  A deep elf archer (Elf:1)
  2 orc knights
  2 mana vipers (Snake:1)
  4 orc sorcerers
  5 deep elf zephyrmancers
  A deep elf pyromancer (Elf:1)
  2 wolf spiders (Lair:5)
  A salamander (Snake:4)
  4 ugly things (D:15)
  A will-o-the-wisp (Swamp:3)
  A moth of wrath (shapeshifter) (D:15)
  3 elephants
  Joseph (D:10)
  A naga mage (Snake:1)
  9 black mambas
  A water nymph (Swamp:1)
  4 cane toads
  2 komodo dragons
  4 rime drakes
  A meliai (D:14)
  2 polar bears (Lair:5)
  A troll (D:9)
  3 tyrant leeches
  A hornet (Lair:5)
  3 slime creatures
  2 wraiths (D:11)
  A spriggan (Swamp:1)
  3 wyverns (Lair:5)
  A shadow (D:13)
  2 fire elementals (Elf:1)
  12 yaks
  3 humans (D:14)
  2 vampire mosquitoes (D:11)
  10 nagas
  7 swamp worms
  2 wargs (Orc:1)
  An acid dragon (Lair:5)
  5 water moccasins
  2 hell hounds (Elf:1)
  8 orc warriors
  2 swamp drakes
  A wolf (Lair:3)
  An ogre (Orc:2)
  A centaur (D:9)
  A gnoll sergeant (D:10)
  An earth elemental (Elf:1)
  3 bullfrogs
  2 wights (D:9)
  6 killer bees
  A howler monkey (D:8)
  8 orc priests
  2 orc wizards
  A gnoll (D:10)
  27 orcs
  A kobold (D:10)
220 creatures vanquished.

Vanquished Creatures (others)
  A goliath frog (Swamp:1)
  28 hexers
  An orc wizard (D:8)
  2 ancestors (D:8)
  An orc (Orc:2)
  2 foxfires (Swamp:3)
  52 fungi
  134 plants
221 creatures vanquished.

Grand Total: 1225 creatures vanquished

Notes
Turn   | Place    | Note
-------+----------+-------------------------------------------
     0 | D:1      | magipi the Hill Orc Gladiator began the quest for the Orb.
     0 | D:1      | Reached XP level 1. HP: 18/18 MP: 1/1
   242 | D:1      | Reached XP level 2. HP: 25/25 MP: 2/2
   625 | D:2      | Reached skill level 5 in Axes
   625 | D:2      | Reached XP level 3. HP: 30/30 MP: 3/3
   685 | D:2      | Identified the +7 rapier "Noc Utza" {vorpal, Int+4}
   688 | D:2      | Noticed Terence
   813 | D:2      | Killed Terence
   814 | D:2      | Reached skill level 1 in Armour
   814 | D:2      | Reached XP level 4. HP: 19/37 MP: 1/4
  1120 | D:2      | Found a faded altar of an unknown god.
  1396 | D:3      | Found a blossoming altar of Fedhas.
  1400 | D:3      | Found a stormy altar of Qazlal.
  1515 | D:3      | Noticed Sigmund
  1701 | D:3      | HP: 1/37 [acid (8)]
  1703 | D:3      | Reached XP level 5. HP: 2/42 MP: 1/5
  2133 | D:4      | Noticed Natasha
  2146 | D:4      | Killed Natasha
  2297 | D:4      | Reached XP level 6. HP: 36/50 MP: 4/6
  2392 | D:4      | Noticed Natasha
  2400 | D:4      | Killed Natasha
  2467 | D:4      | Noticed Natasha
  2474 | D:4      | Killed Natasha
  2763 | D:4      | Noticed Menkaure
  2773 | D:4      | Killed Menkaure
  2774 | D:4      | Reached XP level 7. HP: 56/56 MP: 7/7
  2876 | D:4      | Found a runed translucent gate.
  2876 | D:4      | Found a runed translucent gate.
  2877 | D:4      | Found a runed translucent gate.
  2877 | D:4      | Noticed DKP's ghost (weakling PaFi)
  2879 | D:4      | Identified the +3 ring mail "Voffen" {Str+2}
  2960 | D:5      | Entered Level 5 of the Dungeon
  2964 | D:5      | Noticed Pikel
  3007 | D:5      | Killed Pikel
  3008 | D:5      | Reached XP level 8. HP: 46/62 MP: 8/8
  3137 | D:5      | Noticed Ijyb
  3144 | D:5      | Killed Ijyb
  3697 | D:5      | Reached skill level 1 in Evocations
  3791 | D:5      | Reached skill level 10 in Axes
  3795 | D:5      | Reached skill level 5 in Armour
  4284 | D:5      | Reached skill level 5 in Throwing
  4377 | D:5      | Found an ancient bone altar of Kikubaaqudgha.
  4617 | D:5      | Noticed Grinder
  4627 | D:5      | Killed Grinder
  4958 | D:4      | Reached XP level 9. HP: 68/68 MP: 9/9
  4982 | D:4      | Found a runed translucent door.
  4983 | D:4      | Noticed Crazy Yiuf
  5886 | D:6      | Found a staircase to the Ecumenical Temple.
  5899 | Temple   | Entered the Ecumenical Temple
  5899 | Temple   | Found a transporter.
  5899 | Temple   | Found a transporter.
  5901 | Temple   | Found a transporter.
  5901 | Temple   | Found a transporter.
  5942 | Temple   | Became a worshipper of Hepliaklqana the Forgotten
  7557 | D:7      | Reached * piety under Hepliaklqana
  7679 | D:7      | Got the Encyclopedia of Contamination and Fascination
  8057 | D:8      | Found a flagged portal.
  8066 | Bailey   | Entered a bailey
  8712 | D:8      | Reached XP level 10. HP: 61/66 MP: 10/10
  8751 | D:8      | Reached ** piety under Hepliaklqana
  8771 | D:8      | Killed an unseen horror
  8832 | D:8      | Remembered your ancestor Bohike as a hexer
  9296 | D:8      | Reached skill level 5 in Evocations
  9968 | D:9      | Found a staircase to the Lair.
 11121 | D:10     | Entered Level 10 of the Dungeon
 11161 | D:10     | Reached XP level 11. HP: 53/72 MP: 11/11
 11183 | D:10     | Found Soj Cawi's Assorted Antiques.
 11202 | D:10     | Reached *** piety under Hepliaklqana
 11246 | D:10     | Bought a shiny helmet for 217 gold pieces
 11793 | D:10     | Found a transporter.
 11798 | D:10     | Found a transporter.
 12203 | D:10     | Noticed Joseph
 12223 | D:10     | Killed Joseph
 12478 | D:11     | Reached skill level 15 in Axes
 12495 | D:11     | Noticed a brown ugly thing
 12515 | D:11     | Killed a brown ugly thing
 12684 | D:11     | Identified the +7 great sword "ETAOIN SHRDLU" {flame, rCorr
                  | Dex+2}
 12731 | D:11     | Noticed a two-headed ogre
 12819 | D:11     | Found a staircase to the Orcish Mines.
 12825 | D:11     | Noticed a cyclops
 12842 | D:11     | Killed a cyclops
 13180 | D:11     | Identified a scroll of acquirement
 13181 | D:11     | Acquired 1049 gold pieces
 13464 | D:11     | Killed a two-headed ogre
 13551 | D:12     | Noticed a cyclops
 13560 | D:12     | Killed a cyclops
 13652 | D:12     | Reached **** piety under Hepliaklqana
 14263 | D:13     | Found a flickering gateway to a bazaar.
 14283 | Bazaar   | Entered a bazaar
 14291 | Bazaar   | Found Jotesotz's Antique Weapon Shoppe.
 14304 | Bazaar   | Found Zeam's Antique Weapon Emporium.
 14320 | Bazaar   | Found Vuypaiss's Antique Armour Emporium.
 14331 | Bazaar   | Found Yrypp's Antique Armour Shoppe.
 14354 | Bazaar   | Bought a runed chain mail for 105 gold pieces
 14374 | Bazaar   | Bought a runed chain mail for 105 gold pieces
 14374 | Bazaar   | Bought a pair of boots for 63 gold pieces
 14440 | D:13     | Noticed a centaur warrior
 14454 | D:13     | Killed a centaur warrior
 14654 | D:13     | Found Matikk's Distillery.
 14665 | D:13     | Bought a potion of heal wounds for 90 gold pieces
 14665 | D:13     | Bought a potion of curing for 54 gold pieces
 14713 | D:13     | Noticed a boulder beetle
 14744 | D:13     | Killed a boulder beetle
 14745 | D:13     | Reached XP level 12. HP: 73/79 MP: 12/12
 14803 | D:13     | Found Igereqem's Weapon Emporium.
 14812 | D:13     | Bought a +0 broad axe for 48 gold pieces
 14894 | D:13     | Acquired the +3 pair of gauntlets of War {Slay+5}
 14894 | D:13     | Found the +3 pair of gauntlets of War {Slay+5}
 15350 | D:13     | Noticed a boulder beetle
 15364 | D:13     | Killed a boulder beetle
 16279 | D:3      | Killed Sigmund
 16381 | D:4      | Killed Crazy Yiuf
 16530 | Lair:1   | Entered Level 1 of the Lair of Beasts
 16699 | Lair:1   | Reached ***** piety under Hepliaklqana
 16927 | Lair:1   | Reached skill level 10 in Armour
 17626 | Lair:2   | Reached skill level 1 in Invocations
 17762 | Lair:2   | Reached skill level 2 in Invocations
 17855 | Lair:2   | Found a staircase to the Swamp.
 18347 | Lair:2   | Noticed a six-headed hydra
 18358 | Lair:2   | Killed a six-headed hydra
 18359 | Lair:2   | Reached skill level 3 in Invocations
 18607 | Lair:3   | Reached XP level 13. HP: 79/86 MP: 15/15
 18827 | Lair:3   | Reached skill level 4 in Invocations
 18850 | Lair:3   | Found a staircase to the Snake Pit.
 19055 | Lair:3   | Identified the +2 robe of Voracious Miracles {+Inv Str+2
                  | Archmagi}
 19164 | Lair:3   | Reached skill level 5 in Fighting
 19473 | Lair:3   | Reached skill level 5 in Invocations
 20065 | Lair:4   | Found a staircase to the Slime Pits.
 20960 | Lair:5   | Entered Level 5 of the Lair of Beasts
 20975 | Lair:5   | Reached skill level 6 in Invocations
 21153 | Lair:5   | Reached ****** piety under Hepliaklqana
 21162 | Lair:5   | Reached skill level 10 in Throwing
 21500 | Orc:1    | Entered Level 1 of the Orcish Mines
 21500 | Orc:1    | Noticed Harold
 21511 | Orc:1    | Killed Harold
 21512 | Orc:1    | Reached skill level 5 in Dodging
 21518 | Orc:1    | Noticed Josephine
 21655 | D:11     | Reached skill level 7 in Invocations
 21955 | Orc:1    | Killed Josephine
 21956 | Orc:1    | Reached XP level 14. HP: 58/100 MP: 19/19
 22446 | Orc:2    | Entered Level 2 of the Orcish Mines
 23013 | Orc:2    | Found a roughly hewn altar of Beogh.
 23018 | Orc:2    | Reached skill level 10 in Evocations
 23170 | Orc:2    | Found Quupline's Antique Armour Emporium.
 23471 | Orc:2    | Found Lazuttod's Weapon Shoppe.
 23529 | Orc:2    | Reached skill level 8 in Invocations
 24158 | Orc:2    | Found a staircase to the Elven Halls.
 24417 | Orc:2    | Got the Tome of Mutated Battle Magic
 24684 | Orc:2    | Noticed an orc warlord
 24694 | Orc:2    | Found a roughly hewn altar of Beogh.
 24700 | Orc:2    | Killed an orc warlord
 24910 | Orc:2    | Found Gusimn's Jewellery Emporium.
 25572 | Orc:2    | Found Sotog's Antique Weapon Boutique.
 25890 | Orc:2    | Reached skill level 9 in Invocations
 26913 | Lair:5   | Reached XP level 15. HP: 53/111 MP: 22/22
 27373 | Lair:5   | Identified the +1 robe "Sotuacur" {Harm Fly Int+4 Dex-5}
 27472 | Lair:5   | Paralysed by a hornet for 3 turns
 27654 | Lair:5   | Reached skill level 10 in Invocations
 27872 | Lair:5   | Acquired a ring of positive energy
 28612 | D:14     | Noticed Urug
 28612 | D:14     | Found a gate to the Vaults.
 28792 | D:14     | Reached skill level 10 in Fighting
 29019 | D:14     | Noticed Snorg
 29025 | D:14     | Killed Snorg
 29089 | D:14     | Noticed Frances
 30180 | D:13     | Killed Frances
 30822 | D:14     | Reached skill level 11 in Invocations
 31113 | D:14     | Killed Urug
 31458 | D:15     | Entered Level 15 of the Dungeon
 32140 | D:15     | Found a runed translucent gate.
 32140 | D:15     | Found a runed translucent gate.
 32141 | D:15     | Found a runed translucent gate.
 32156 | D:15     | Noticed Yakesh's ghost (journeyman MiFi)
 32157 | D:15     | Noticed an orc warlord
 32158 | D:15     | Found an iron altar of Okawaru.
 32219 | D:15     | Reached skill level 12 in Invocations
 32481 | D:15     | Reached XP level 16. HP: 120/120 MP: 25/25
 32482 | D:15     | Found a sparkling altar of Nemelex Xobeh.
 32549 | D:15     | Identified the +1 chain mail "Cutep" {Regen+ Dex+4}
 32855 | D:15     | Found a staircase to the Depths.
 33171 | D:4      | Noticed Blork the orc
 33176 | D:4      | Killed Blork the orc
 33257 | D:4      | Found a roughly hewn altar of Beogh.
 33261 | D:4      | Killed DKP's ghost
 33624 | Orc:2    | Bought a ring of poison resistance for 280 gold pieces
 33811 | Snake:1  | Entered Level 1 of the Snake Pit
 35971 | Snake:2  | Found Lotsuek's Book Emporium.
 36632 | Snake:2  | Reached skill level 13 in Invocations
 37160 | Snake:2  | You fall into a shaft and drop 1 floor!
 37168 | Snake:3  | Found Locve's Book Shop.
 37168 | Snake:3  | Found Otag's Jewellery Boutique.
 37169 | Snake:3  | Found Xana's Jewellery Boutique.
 37174 | Snake:3  | Found Meajud's Jewellery Shop.
 37188 | Snake:3  | Bought the ring of Elyvilon's Vengeance {Will++ EV+4 Dex+3
                  | Slay+6} for 973 gold pieces
 37335 | Snake:3  | Found an opulent altar of Gozag.
 38876 | Snake:4  | Entered Level 4 of the Snake Pit
 39787 | Snake:4  | Reached XP level 17. HP: 66/131 MP: 27/27
 40135 | Snake:4  | Reached skill level 14 in Invocations
 41048 | Snake:4  | Reached skill level 10 in Dodging
 41638 | Snake:4  | Reached skill level 15 in Invocations
 42023 | Snake:4  | Got a serpentine rune of Zot
 42208 | Swamp:1  | Entered Level 1 of the Swamp
 43259 | Swamp:1  | You fall into a shaft and drop 1 floor!
 43951 | Swamp:1  | Reached skill level 16 in Invocations
 44757 | Swamp:3  | Noticed Kirke
 44774 | Swamp:3  | Killed Kirke
 44952 | Swamp:3  | Reached skill level 15 in Evocations
 45370 | Swamp:3  | Reached skill level 17 in Invocations
 45400 | Swamp:3  | Reached XP level 18. HP: 132/138 MP: 30/30
 46105 | Swamp:3  | Noticed Nikola
 46115 | Swamp:3  | Killed Nikola
 46116 | Swamp:3  | Reached skill level 18 in Invocations
 46529 | Swamp:4  | Entered Level 4 of the Swamp
 46550 | Swamp:4  | Noticed Louise
 46586 | Swamp:4  | Killed Louise
 46705 | Swamp:4  | Noticed the 27-headed Lernaean hydra
 46710 | Swamp:4  | Noticed Donald
 47013 | Swamp:3  | Killed Donald
 47105 | Swamp:4  | Killed the 27-headed Lernaean hydra
 47476 | Swamp:4  | Got a decaying rune of Zot
 47916 | Elf:1    | Entered Level 1 of the Elven Halls
 48875 | Elf:1    | Noticed Azrael
 48889 | Elf:1    | Killed Azrael
 48942 | Elf:1    | Reached skill level 19 in Invocations
 48977 | Elf:1    | Shot with an arrow by a deep elf archer

Illustrated notes

Levels and vault maps discovered:
D:1:      dpeg_arrival_castle, layout_basic
D:2:      layout_basic, hellmonk_ecumenical_altar_leap_of_faith,
          minmay_misc_feat_plants, minmay_small_reverse_x, uniq_terence
D:3:      layout_loops_ring, grunt_temple_overflow_forces_of_nature,
          nrook_mini_backslash, uniq_sigmund
D:4:      layout_loops_ring, biasface_ghost_orc_armoury, uniq_menkaure,
          uniq_crazy_yiuf_cottage, uniq_blork_the_orc, uniq_natasha
D:5:      layout_loops_corners, kennysheep_vampire_church,
          serial_bayou_crossing, uniq_ijyb, uniq_grinder, uniq_pikel
D:6:      minmay_razor_zed, layout_basic, minmay_temple_entry_mist,
          nicolae_benzene_ring
D:7:      layout_layer_cave
D:8:      layout_loops_ring, special_room [special_room_orc], enter_bailey_2,
          nicolae_straight_to_the_point
D:9:      layout_irregular_city, lair_entry_dummy
D:10:     layout_gridville, serial_shops, nicolae_inconvenience_store,
          nicolae_diode_stairs, uniq_joseph
D:11:     layout_loops_ring, orc_0_dummy
D:12:     layout_basic
D:13:     minmay_skewed_foursquare, layout_basic, serial_shops,
          bzr_entry_customers, nicolae_shop_waterfront, nicolae_stop_n_shop_1
D:14:     layout_roguey, david_vaults_3, roderic_roman_lattice,
          grunt_ministairs_15, uniq_frances, uniq_snorg
D:15:     gammafunk_enter_depths_forms, layout_loops_ring,
          chequers_serial_rivers_room_b, gammafunk_ghost_fury_of_okawaru,
          nemelex_spade_bored_becter
Temple:   hellmonk_temple_divided_pantheon
Lair:1:   layout_roguey, serial_forest, infiniplex_forest_straight_3,
          infiniplex_forest_lined_3_way, infiniplex_forest_straight_3,
          infiniplex_forest_straight_1, infiniplex_forest_diagonal,
          infiniplex_forest_diagonal, infiniplex_forest_lined_room_2,
          infiniplex_forest_corner_1, infiniplex_forest_pool, grunt_megastairs_1
Lair:2:   layout_hall_layers, swamp_mist, serial_bayou_shore_b
Lair:3:   nzn_winding_woodlands_medium [nzn_winding_woodlands_5x5_cross,
          nzn_winding_woodlands_5x15_pathside_ponds,
          nzn_winding_woodlands_hourglass, nzn_winding_woodlands_5x5_open_star,
          nzn_winding_woodlands_center_diamonds,
          nzn_winding_woodlands_5x5_checkerboard,
          nzn_winding_woodlands_5x5_three, nzn_winding_woodlands_5x15_cabin,
          nzn_winding_woodlands_5x5_perimeter], layout_loops_ring,
          guppyfry_snake_entry_garden
Lair:4:   layout_hall_layers, slime_entry_1, st_stairs_12, grunt_megastairs_3,
          serial_bayou_shore_b
Lair:5:   hangedman_lair_tendril_chambers, layout_regular_city,
          guppyfry_lair_end_dragon
Swamp:1:  layout_falls_marsh, nicolae_swamp_rocky_clearing,
          nicolae_swamp_nymph_family_reunion
Swamp:2:  nicolae_swamp_ascending_descending, layout_basic_swamp,
          serial_swamp_ruin, evilmike_swamp_ruin_house_3,
          evilmike_swamp_ruin_house_5
Swamp:3:  nicolae_swamp_standing_stones, layout_falls_marsh,
          evilmike_swamp_ruin_house_2, uniq_nikola, uniq_kirke
Swamp:4:  swamp_alternative, layout_basic_swamp, swamp_pool1,
          infiniplex_staircase_pool, uniq_louise, uniq_donald
Snake:1:  layout_onion
Snake:2:  layout_gridlike, serial_shops, nicolae_shop_statue_plus,
          serial_bayou_lagoon_a, beargit_elvish_explorers, lemuel_fruit_tree
Snake:3:  layout_grid_maze, special_room, hangedman_feature_mirror,
          minmay_shoptagon
Snake:4:  minmay_snake_end_coiled, layout_cave_town, nicolae_snake_mages_go_home
Orc:1:    layout_diamond_mine, uniq_harold, uniq_josephine
Orc:2:    pubby_orc_utopia
Elf:1:    minmay_elf_arrival_circle, layout_geoelf_diagonals,
          minmay_elf_sorcery, uniq_azrael

Skill      XL: |  1  2  3  4  5  6  7  8  9 10 11 12 13 14 15 16 17 18 |
---------------+-------------------------------------------------------+-----
Throwing       | 2 3 4 5 6 7 8 9 10 11 12 | 12.0
Axes           | 5 6 7 8 9 10 12 14 16 17 18 | 18.0
Armour         | 1 2 3 4 5 6 8 9 10 11 | 11.0
Evocations     | 2 4 5 7 8 9 10 12 13 15 | 15.7
Invocations    | 3 7 9 12 13 17 19 | 19.0
Fighting       | 4 7 9 10 11 12 13 | 13.4
Dodging        | 3 5 6 8 9 10 | 10.0

Action                   |  1- 3 |  4- 6 |  7- 9 | 10-12 | 13-15 | 16-18 || total
-------------------------+-------+-------+-------+-------+-------+-------++-------
Melee: War axe           |    61 |   155 |   337 |   368 |       |       ||   921
       Punch             |       |     3 |     5 |     6 |    10 |       ||    24
       Broad axe         |       |       |       |   176 |  1070 |   865 ||  2111
       Whip              |       |       |       |     3 |     9 |   176 ||   188
Throw: Throwing net      |     3 |       |     2 |       |       |       ||     5
       Boomerang         |       |       |     3 |     2 |    17 |    19 ||    41
       Javelin           |       |       |     1 |       |       |       ||     1
Invok: Recall Ancestor   |       |       |     2 |     5 |     7 |    14 ||    28
       Ancestor Identity |       |       |     1 |       |       |       ||     1
       Ancestor Life: He |       |       |       |     1 |       |       ||     1
       Idealise          |       |       |       |       |       |     1 ||     1
Evoke: Wand              |       |       |     3 |    13 |    18 |    15 ||    49
       Box of beasts     |       |       |       |       |     2 |     2 ||     4
       Condenser vane    |       |       |       |       |     2 |     2 ||     4
       Phantom mirror    |       |       |       |       |       |     1 ||     1
  Use: Potion            |       |     3 |     2 |     5 |     2 |     8 ||    20
       Scroll            |       |       |    13 |    15 |    11 |     7 ||    46
 Stab: Held in net/web   |       |       |     2 |       |       |       ||     2
       Invisible         |       |       |       |     3 |       |       ||     3
       Confused          |       |       |       |    13 |    21 |    12 ||    46
       Distracted        |       |       |       |    13 |    15 |    24 ||    52
       Paralysed         |       |       |       |       |    37 |   106 ||   143
Armor: Chain mail        |    43 |    96 |   103 |   150 |   250 |   317 ||   959
Dodge: Dodged            |    35 |   109 |   161 |   240 |   403 |   403 ||  1351
Block: Other             |       |       |    55 |    97 |   119 |       ||   271
       Reflection        |       |       |       |     6 |     4 |    60 ||    70
       Buckler           |       |       |       |       |    55 |    12 ||    67
       Kite shield       |       |       |       |       |       |   605 ||   605
